 Dungeon Crawl Stone Soup version 0.27-a0-1299-g1ab19c6527 (webtiles) character file.

Game seed: 7567599027293259224

35 mordus the Shield-Bearer (level 3, -8/29 HPs)
             Began as a Formicid Fighter on June 16, 2021.
             Killed by nerve-wracking pain
             ... invoked by Jessica
              (9 damage)
             ... on level 2 of the Dungeon.
             The game lasted 00:01:26 (775 turns).

mordus the Shield-Bearer (Formicid Fighter)          Turns: 775, Time: 00:01:27

Health: -8/29      AC:  7    Str: 21    XL:     3   Next: 55%
Magic:  3/3        EV:  8    Int:  7    God:
Gold:   33         SH:  9    Dex: 10    Spells: 2/2 levels left

rFire    . . .     SeeInvis +   a - +0 long sword
rCold    . . .     Faith    .   c - +0 kite shield
rNeg     . . .     Spirit   .   b - +0 scale mail
rPois    .         Reflect  .   (helmet unavailable)
rElec    .         Harm     .   (no cloak)
rCorr    .         Rampage  .   (no gloves)
Will     .....                  (no boots)
Stlth    ..........             (no amulet)
HPRegen  0.09/turn              (no ring)
MPRegen  0.08/turn              (no ring)

@: no status effects
A: permanent stasis, dig shafts and tunnels, antennae 3, four strong arms
a: Dig, Shaft Self


You were on level 2 of the Dungeon.
You visited 1 branch of the dungeon, and saw 2 of its levels.

You collected 33 gold pieces.

Inventory:

Hand Weapons
 a - a +0 long sword (weapon)
Armour
 b - a +0 scale mail (worn)
 c - a +0 kite shield (worn)
Scrolls
 e - a scroll of teleportation {unknown}
 f - a scroll of blinking {unknown}
 i - a scroll of noise {unknown}
 j - a scroll of identify {unknown}
Potions
 d - a potion of might
 g - a potion of resistance {unknown}
 h - a potion of curing {unknown}


   Skills:
 - Level 3.2 Fighting
 * Level 2.9 Long Blades
 + Level 3.7 Armour
 + Level 4.0 Shields


You had 2 spell levels left.
You didn't know any spells.
Your spell library was empty.

Dungeon Overview and Level Annotations

Branches:
Dungeon (1/15)

Altars:

Annotations:
D:2 Jessica


Innate Abilities, Weirdness & Mutations

You cannot be hasted, slowed, berserked, paralysed or teleported.
You can dig through walls and to a lower floor.
You have a pair of large antennae on your head. (SInv)
Your four strong arms can wield two-handed weapons with a shield.


Message History

Found a smoky puce potion.
You retract your mandibles.
You hit the goblin.
The goblin is moderately wounded.
You block the goblin's attack.
You closely miss the goblin.
The goblin is moderately wounded.
The goblin hits you with a +1 dagger of pain.
* * * LOW HITPOINT WARNING * * *
The goblin hits you but does no damage.
You slash the goblin!
You kill the goblin!
You block Jessica's attack.
You hit Jessica.
Jessica is moderately wounded.
Jessica casts a spell.
Jessica blinks!
You block the kobold's attack.
You barely miss the kobold. The kobold hits you but does no damage.
Your scale mail prevents you from hitting the kobold.
Jessica hits you but does no damage. The kobold hits you but does no damage.
Jessica casts a spell.
Jessica blinks!
You block the kobold's attack.
You completely miss the kobold. The kobold hits you with a +0 whip.
* * * LOW HITPOINT WARNING * * *
You hit the kobold.
You kill the kobold!
You block Jessica's attack. Jessica hits you with a +0 club.
* * * LOW HITPOINT WARNING * * *
Jessica points at you and mumbles some strange words.
Pain shoots through your body!
* * * LOW HITPOINT WARNING * * *
Things that are here:
a +0 whip; a +1 dagger of pain You block Jessica's attack.
Jessica gestures wildly while chanting.
Jessica blinks!
Things that are here:
a +0 whip; a +1 dagger of pain Jessica gestures at you while chanting.
Pain shoots through your body!
You die...

............#..#. ...###
................. ......
...##.....#.#..#. ...###
.. #............ ..... .
#.....#...... ##### #
#.....#....## #≈≈≈≈# ##..
#..........###≈≈≈≈≈≈ #8...
##..#.........≈≈....
##...# #.@.........≈≈.....
#.....##)##.#.....≈....≈≈.
.......@##....##..≈..≈≈..≈
.......§8#....##...≈≈....≈
...⌠.....#....#.......⌠≈≈.
!.###.....##..#......≈≈⌠..
. ##.....##.......≈....≈
#8....8##.#....≈..≈≈.
####...##........≈≈...


You could see Jessica (fast).

Vanquished Creatures
  An adder skeleton (D:2)
  A dart slug (D:1)
  4 ball pythons
  A giant cockroach (D:1)
  5 hobgoblins (D:2)
  6 jackals (D:1)
  3 bats
  A frilled lizard (D:1)
  2 goblins (D:2)
  3 kobolds
27 creatures vanquished.

Notes
Turn   | Place    | Note
-------+----------+-------------------------------------------
     0 | D:1      | mordus the Formicid Fighter began the quest for the Orb.
     0 | D:1      | Reached XP level 1. HP: 18/18 MP: 1/1
    82 | D:1      | Reached XP level 2. HP: 16/24 MP: 2/2
   250 | D:1      | Found a faded altar of an unknown god.
   539 | D:1      | You fall into a shaft and drop 1 floor!
   548 | D:2      | Reached skill level 4 in Shields
   548 | D:2      | Reached XP level 3. HP: 21/29 MP: 3/3
   742 | D:2      | Noticed Jessica
   772 | D:2      | HP: 1/29 [Jessica/nerve-wracking pain (2)]
   775 | D:2      | Killed from afar by Jessica

Illustrated notes

Levels and vault maps discovered:
D:1:      minmay_arrival_cross, layout_basic, ebering_ecumenical_altar_box
D:2:      cheibrodos_helix_gallery, layout_basic, serial_shops, shop_fountains,
          shop, nicolae_lakefront_shop, serial_corexii_hall,
          corexii_hall_statues_s, chequers_hall_statues_y,
          corexii_hall_statues_x, chequers_hall_statues_y, minmay_fountain_box,
          uniq_jessica

Skill      XL: |  1  2 |
---------------+-------+-----
Shields        | 4 |  4.0
Fighting       | |  3.2
Long Blades    | |  2.9
Armour         | |  3.7

Action                   || total
-------------------------++-------
Melee: Long sword        ||    84
 Abil: Dig               ||     2
Armor: Scale mail        ||    56
Dodge: Dodged            ||    35
Block: Kite shield       ||    66
       Rpst.: Long sword ||     9

Table legend: (Time is in decaauts)
 A = Elapsed time spent in this place.
 B = Non-inter-level travel time spent in this place.
 C = Inter-level travel time spent in this place.
 D = Time resting spent in this place.
 E = Time spent auto-exploring this place.
 F = Levels seen in this place.
 G = Mean time per level.
                   A        B        C        D        E       F      G
               +--------+--------+--------+--------+--------+-----+--------+
         Total |    812 |    812 |      0 |     25 |    588 |   2 |  406.0 |
       Dungeon |    812 |    812 |      0 |     25 |    588 |   2 |  406.0 |
               +--------+--------+--------+--------+--------+-----+--------+

Top non-repeatable levels by time:
     D:1: 560 daAuts
     D:2: 252 daAuts
